 Dungeon Crawl Stone Soup version 0.28.0 (webtiles) character file.

Game seed: 115833257962084784

1937 shoop the Fighter (level 9, -6/96 HPs)
             Began as an Ogre Arcane Marksman on Feb 15, 2022.
             Was an Initiate of Okawaru.
             Mangled by an ogre (23 damage)
             ... on level 6 of the Dungeon.
             The game lasted 00:19:13 (8290 turns).

shoop the Fighter (Ogre Arcane Marksman)            Turns: 8290, Time: 00:19:14

Health: -6/96      AC:  3    Str: 20    XL:     9   Next: 18%
Magic:  13/13      EV: 14    Int: 14    God:    Okawaru [......]
Gold:   775        SH:  0    Dex:  9    Spells: 9/14 levels left

rFire   . . .      SeeInvis .   l - +2 dagger (venom)
rCold   . . .      Faith    .   (no shield)
rNeg    . . .      Spirit   .   a - +0 robe
rPois   .          Reflect  .   (helmet restricted)
rElec   .          Harm     .   (no cloak)
rCorr   .          Rampage  .   (gloves unavailable)
Will    .....                   (boots unavailable)
Stlth   +.........              (no amulet)
HPRegen 0.26/turn               k - +4 ring of evasion
MPRegen 0.13/turn               (no ring)

@: mighty, studying Dodging
A: large, unfitting armour, tough skin 1
a: Renounce Religion


You were on level 6 of the Dungeon.
You worshipped Okawaru.
Okawaru was noncommittal.
You visited 2 branches of the dungeon, and saw 7 of its levels.
You also visited: Sewer.

You collected 1575 gold pieces.
You spent 800 gold pieces at shops.

Inventory:

Hand Weapons
 d - a +0 dagger
 f - a +0 short sword
 l - a +2 dagger of venom (weapon)
 K - a +0 giant club
Missiles
 b - 10 large rocks
 c - 2 throwing nets
 e - 223 stones (quivered)
 r - 42 poisoned darts
 w - 4 boomerangs
 y - 5 javelins
Armour
 a - a +0 robe (worn)
Jewellery
 k - a +4 ring of evasion (left hand)
Wands
 z - a wand of iceblast (2)
 F - a wand of polymorph (5)
 H - a wand of flame (19)
Scrolls
 h - 2 scrolls of teleportation {unknown}
 m - 4 scrolls of fog
 v - a scroll of summoning
 x - 2 scrolls of fear {unknown}
 A - 2 scrolls of blinking {unknown}
 B - a scroll of immolation
 E - 2 scrolls of amnesia {unknown}
 G - a scroll of brand weapon {unknown}
Potions
 g - a potion of ambrosia
 i - a potion of cancellation
 n - 2 potions of heal wounds {unknown}
 p - 2 potions of magic {unknown}
 q - 3 potions of brilliance {unknown}
 s - 2 potions of mutation {unknown}
 t - a potion of haste {unknown}
 u - a potion of resistance
 C - 4 potions of curing {unknown}
 D - 2 potions of degeneration {unknown}
 I - a potion of flight {unknown}
 J - a potion of berserk rage {unknown}


   Skills:
 - Level 8.0 Fighting
 - Level 6.0 Throwing
 + Level 2.9 Dodging
 - Level 1.0 Stealth
 + Level 3.2 Spellcasting
 + Level 6.2 Hexes
 - Level 3.0 Evocations


You had 9 spell levels left.
You knew the following spells:

 Your Spells              Type           Power      Damage    Failure   Level
a - Slow                  Hex            76%        N/A       1%          1
b - Cause Fear            Hex            9%         N/A       16%         4

Your spell library contained the following spells:

 Spells                   Type           Power      Damage    Failure   Level
 Inner Flame              Hex/Fire       10%        N/A       17%         3
 Portal Projectile        Hex/Tloc       20%        N/A       17%         3
 Magic Dart               Conj           8%         1d3       22%         1
 Shock                    Conj/Air       8%         1d3       22%         1
 Sting                    Tmut/Pois      8%         1d3       22%         1
 Poisonous Vapours        Pois/Air       4%         N/A       32%         2
 Wereblood                Tmut           2%         N/A       32%         2
 Swiftness                Air            2%         N/A       54%         3
 Airstrike                Air            1%         N/A       91%         4
 Alistair's Intoxication  Tmut/Pois      1%         N/A       99%         5
 Necromutation            Tmut/Necr      1%         N/A       100%        8


Dungeon Overview and Level Annotations

Branches:
Dungeon (6/15)             Temple (1/1) D:5           Sewer (visited)

Altars:
Ashenzari
Cheibriados
Dithmenos
Elyvilon
Fedhas
Gozag
Hepliaklqana
Kikubaaqudgha
Makhleb
Nemelex Xobeh
Okawaru
Qazlal
Ru
Sif Muna
Uskayaw
Vehumet
Wu Jian
Yredelemnul
Zin
The Shining One

Shops:
D:5 :

Annotations:
D:4 Dowan


Innate Abilities, Weirdness & Mutations

You are too large for most types of armour.
You have tough skin. (AC +1)


Message History

The water moccasin misses you.
You puncture the water moccasin!
You kill the water moccasin!
Okawaru accepts your kill.
You feel very sick. The scorpion misses you.
Your Spellcasting skill increases to level 3!
You puncture the scorpion!
The scorpion is heavily wounded.
You feel very sick. The scorpion closely misses you.
You puncture the scorpion!
You kill the scorpion!
Okawaru accepts your kill.
You feel very sick.
Training target 8.0 for Fighting reached!
Your Fighting skill increases to level 8!
You hit the ogre.
The ogre is poisoned.
The ogre is lightly wounded.
You feel very sick.
The ogre hits you with a +0 giant spiked club!!
* * * LOW HITPOINT WARNING * * *
You puncture the ogre!
The ogre is heavily wounded.
You feel sick.
The ogre hits you with a +0 giant spiked club.
* * * LOW HITPOINT WARNING * * *
You feel sick.
You feel sick.
You feel sick.
You feel sick.
You feel sick.
You feel sick.
You feel sick.
You are no longer poisoned.
The ogre looks more healthy.
The ogre barely misses you.
There is a stone staircase leading up here.
The jelly jiggles.
The ogre hits you with a +0 giant spiked club!!
You die...

#.## #...## #..# ###..#
##.# ##.# #.# #.## #.#
####..##### #.#
#.........#### ## # #.#
#.....##≈.≈Z.## .##.# #.#
#.....##≈.≈#..###..... #.#
#....@..≈.≈........... #.#
#....O##≈≈≈##..(#####. #.#
#.....# #.##.....##... #.#
#...J.# #.............
#.#####.######............
#...###.# #..JZ...........
###.##..###.##.J..........
#.##......##Z...........
#.##..######............


You could see an ogre, a jelly and a centaur warrior zombie.

Vanquished Creatures
  Grinder (D:4)
  Prince Ribbit (D:5)
  A water moccasin (D:6)
  Duvessa (D:4)
  A necrophage (D:5)
  3 ogres
  2 centaurs
  3 kobold brigands (Sewer)
  Blork the orc (D:4)
  A scorpion (D:6)
  A centaur zombie (D:5)
  2 hounds (D:5)
  A bullfrog skeleton (D:4)
  An orc priest (D:2)
  2 iguanas
  An orc wizard (D:3)
  12 adders
  8 river rats (Sewer)
  A shadow imp (D:5)
  3 worms
  2 dart slugs
  8 orcs
  9 ball pythons
  5 endoplasms
  3 giant cockroaches
  5 goblins
  3 hobgoblins
  4 jackals (D:4)
  28 kobolds
  7 quokkas
  5 bats
  2 frilled lizards
  16 rats
144 creatures vanquished.

Vanquished Creatures (others)
  5 toadstools (D:5)
5 creatures vanquished.

Grand Total: 149 creatures vanquished

Notes
Turn   | Place    | Note
-------+----------+-------------------------------------------
     0 | D:1      | shoop the Ogre Arcane Marksman began the quest for the Orb.
     0 | D:1      | Reached XP level 1. HP: 19/19 MP: 2/2
   396 | D:1      | Reached XP level 2. HP: 28/28 MP: 4/4
   828 | D:1      | Reached skill level 2 in Fighting
  1447 | D:2      | Reached XP level 3. HP: 33/35 MP: 5/5
  1611 | D:2      | Found a faded altar of an unknown god.
  1631 | D:2      | Reached skill level 1 in Stealth
  1658 | D:2      | Got Plato's Almanac of Conjuration
  2095 | D:3      | Reached XP level 4. HP: 41/42 MP: 4/7
  2207 | D:3      | Found a glowing drain.
  2217 | Sewer    | Entered a sewer
  2662 | Sewer    | Reached XP level 5. HP: 42/49 MP: 8/8
  2667 | Sewer    | Learned a level 4 spell: Cause Fear
  2912 | Sewer    | Noticed a kobold brigand
  2934 | Sewer    | Killed a kobold brigand
  2935 | Sewer    | Reached skill level 3 in Fighting
  3249 | Sewer    | Reached XP level 6. HP: 54/62 MP: 9/9
  3620 | Sewer    | Reached skill level 4 in Fighting
  3949 | D:3      | Reached skill level 5 in Fighting
  4153 | D:2      | Reached XP level 7. HP: 50/72 MP: 10/10
  4898 | D:4      | Noticed Blork the orc
  5090 | D:4      | Noticed Grinder
  5110 | D:4      | Killed Grinder
  5111 | D:4      | Reached skill level 1 in Evocations
  5375 | D:4      | Got the Reference Book on Mutagenic Intoxication
  5397 | D:4      | Noticed Duvessa
  5425 | D:4      | Killed Duvessa
  5426 | D:4      | Reached skill level 6 in Fighting
  5426 | D:4      | Reached skill level 5 in Hexes
  5426 | D:4      | Reached XP level 8. HP: 40/83 MP: 11/11
  5705 | D:4      | Killed Blork the orc
  6089 | D:4      | Noticed Dowan
  6124 | D:4      | Reached skill level 5 in Throwing
  6238 | D:5      | Entered Level 5 of the Dungeon
  6611 | D:5      | Noticed Prince Ribbit
  6634 | D:5      | Killed Prince Ribbit
  6635 | D:5      | Reached skill level 7 in Fighting
  7254 | D:5      | Found Nieqomamn's Self-Improvement Boutique.
  7425 | D:5      | Found a staircase to the Ecumenical Temple.
  7434 | Temple   | Entered the Ecumenical Temple
  7802 | Temple   | Became a worshipper of Warmaster Okawaru
  8071 | D:6      | Identified a scroll of acquirement
  8081 | D:6      | Reached XP level 9. HP: 82/94 MP: 12/12
  8081 | D:6      | Acquired 1186 gold pieces
  8118 | D:5      | Bought a manual of Dodging for 800 gold pieces
  8265 | D:6      | Reached skill level 8 in Fighting
  8290 | D:6      | Mangled by an ogre

Illustrated notes

Levels and vault maps discovered:
D:1:      sevenhm_arrival_forest_fort_large_2, layout_basic
D:2:      layout_basic, shapermc_ecumenical_altar_rom_forum,
          kennysheep_cross_bottleneck, moated_statue, item_on_display_a
D:3:      layout_loops_ring, gup_sewer_entry_bowl, kennysheep_generic_room_10
D:4:      layout_loops_ring, uniq_duvessa, uniq_blork_the_orc, uniq_grinder
D:5:      layout_rooms, minmay_temple_entry_poolview, minmay_gold_behind_fungi,
          nicolae_shop_self_help, uniq_prince_ribbit1
D:6:      layout_rooms, chequers_serial_rivers_micro_d, minivault_25,
          minmay_joined_circles, uniq_pikel
Temple:   mainiacjoe_temple_big_plus

Skill      XL: |  1  2  3  4  5  6  7  8  9 |
---------------+----------------------------+-----
Dodging        | 2 |  2.9
Fighting       | 2 3 5 6 7 8 |  8.0
Hexes          | 3 4 5 6 |  6.2
Stealth        | 1 |  1.0
Spellcasting   | 2 3 |  3.2
Throwing       | 3 4 5 6 |  6.0
Evocations     | 1 3 |  3.0

Action                   |  1- 3 |  4- 6 |  7- 9 || total
-------------------------+-------+-------+-------++-------
Melee: Dagger            |    54 |   184 |   253 ||   491
       Unarmed           |    14 |       |     1 ||    15
       Short sword       |    26 |       |       ||    26
       Punch             |       |     2 |     4 ||     6
Throw: Stone             |    78 |    33 |     2 ||   113
       Dart              |       |       |    27 ||    27
       Large rock        |       |       |     2 ||     2
 Cast: Slow              |    12 |    17 |     2 ||    31
  Use: Potion            |       |     1 |     2 ||     3
       Scroll            |       |       |     8 ||     8
 Stab: Sleeping          |     1 |       |       ||     1
Armor: Robe              |    18 |    30 |    44 ||    92
Dodge: Dodged            |    39 |   138 |   182 ||   359
